 Dungeon Crawl Stone Soup version 0.29-a0-319-gad05b8d819 (webtiles) character file.

Game seed: 11559583335611691699

10519 iamserjio the Martial Artist (level 11, -18/124 HPs)
             Began as a Mayflytaur Transmuter on Apr 1, 2022.
             Was a Follower of Ashenzari.
             Demolished by a large slime creature (38 damage)
             ... on level 12 of the Dungeon.
             The game lasted 00:19:33 (2668 turns).

iamserjio the Martial Artist (MyTm)                 Turns: 2668, Time: 00:19:33

Health: -18/124    AC:  8    Str: 11    XL:     11   Next: 63%
Magic:  19/19      EV: 18    Int: 18    God:    Ashenzari [*.....]
Gold:   236        SH:  0    Dex: 23    Spells: 13/20 levels left

rFire   x . .      SeeInvis .     - Unarmed
rCold   + + +      Faith    .   (shield currently unavailable)
rNeg    . . .      Spirit   .   (body armour currently unavailable)
rPois   +          Reflect  .   (helmet currently unavailable)
rElec   .          Harm     .   (cloak currently unavailable)
rCorr   .          Rampage  .   (gloves currently unavailable)
Will    +....                   (boots currently unavailable)
Stlth   ++........              (no amulet)
HPRegen 0.30/turn               f - ring of protection from cold
MPRegen 0.32/turn               D - +6 ring of dexterity

@: mighty, ice-form, wereblooded
A: freezing attack, amphibious, boosted hp, damage resistance, large, (big
wings), sense surroundings 2, magic regeneration, short lifespan
a: End Transformation, Renounce Religion, Shatter the Chains


You were on level 12 of the Dungeon.
You worshipped Ashenzari.
Ashenzari was aware of your devotion.
You were a creature of crystalline ice.
You visited 2 branches of the dungeon, and saw 13 of its levels.

You collected 236 gold pieces.

Inventory:

Missiles
 B - 3 curare-tipped darts (quivered)
Armour
 a - a +0 robe
 e - the cursed +0 cloak "Oscillating Fan" (melded) {Alch, Bglg}
   (You found it on level 3 of the Dungeon)

   It has a curse which improves the following skills: Alchemy: Poison Magic and
   Transmutations.
   Beguiling: Conjurations, Hexes and Translocations.
 q - a +2 ring mail of fire resistance
 y - +0 acid dragon scales
 z - the cursed +0 troll leather armour of the Mantic Pleiades (melded) {Regen+, Range, Self}
   (You found it on level 11 of the Dungeon)

   Regen:     It increases your rate of health regeneration.
   It has a curse which improves the following skills: Ranged Combat: Slings,
   Bows, Crossbows and Throwing.
   Introspection: Fighting and Spellcasting.
Jewellery
 f - a ring of protection from cold (left front paw)
 D - a +6 ring of dexterity (right front paw)
Wands
 m - a wand of flame (30)
 u - a wand of iceblast (6) {@v2}
Scrolls
 c - 5 scrolls of identify {@r1}
 d - a scroll of acquirement
 g - 4 scrolls of teleportation {@r3}
 i - a scroll of amnesia
 l - 2 scrolls of enchant weapon
 o - a scroll of silence
 r - a scroll of magic mapping {@r5}
 v - 2 scrolls of noise
Potions
 b - 2 potions of lignification
 h - a potion of resistance {@q5}
 j - a potion of ambrosia
 k - a potion of curing {@q1}
 s - a potion of degeneration
 t - 2 potions of flight
 w - a potion of might {@q3}
 x - a potion of brilliance
 A - a potion of attraction
Miscellaneous
 p - a piece from Xom's chessboard (15/15)


   Skills:
 * Level 8.9 Fighting
 - Level 11.1 Dodging
 + Level 12.7 Unarmed Combat
 - Level 5.2 Spellcasting
 - Level 5.9 Transmutations
 - Level 4.9 Ice Magic
 + Level 3.9 Evocations


You had 13 spell levels left.
You knew the following spells:

 Your Spells              Type           Power      Damage    Failure   Level
a - Beastly Appendage     Tmut           52%        N/A       1%          1
b - Wereblood             Tmut           26%        N/A       1%          2
c - Ice Form              Ice/Tmut       24%        N/A       14%         4

Your spell library contained the following spells:

 Spells                   Type           Power      Damage    Failure   Level
 Spider Form              Tmut/Pois      15%        N/A       12%         3
 Animate Skeleton         Necr           8%         N/A       13%         1
 Foxfire                  Conj/Fire      16%        2x1d4     13%         1
 Conjure Flame            Conj/Fire      4%         6-21      36%         3
 Inner Flame              Hex/Fire       4%         N/A       36%         3
 Flame Wave               Conj/Fire      4%         2d5       78%         4
 Fireball                 Conj/Fire      2%         3d4       98%         5
 Iskenderun's Battlesphe  Conj           4%         2d6       98%         5
 Conjure Ball Lightning   Conj/Air       2%         3x3d6     100%        6
 Orb of Destruction       Conj           2%         9d5       100%        7


Dungeon Overview and Level Annotations

Branches:
Dungeon (12/15)            Temple (1/1) D:4            Lair (0/6) D:10
    Orc (0/2) D:10

Altars:
Ashenzari
Dithmenos
Elyvilon
Fedhas
Hepliaklqana
Kikubaaqudgha
Nemelex Xobeh
Okawaru
Qazlal
Ru
Sif Muna
Trog
Uskayaw
Vehumet
Wu Jian
Xom
Yredelemnul
Zin
The Shining One

Shops:
D:5 :


Innate Abilities, Weirdness & Mutations

You are a creature of crystalline ice.
You have a powerful freezing melee attack.
You are amphibious.
Your maximum health is increased.
Your armour is entirely melded.
You are incapable of wielding weapons or throwing items.
You are resistant to damage.
((Your large and strong wings let you fly.))
You passively map the area around you.
You regenerate magic rapidly.
You are easily found by Zot.


Message History

Two slime creatures merge to form a large slime creature.
The slime creature attacks as you move away!
The slime creature closely misses you.
The slime creature attacks as you move away!
The slime creature closely misses you.
Okay, then.
You punch the slime creature! You freeze the slime creature!
The slime creature hits you but does no damage.
You hit the slime creature. You freeze the slime creature.
You hit the slime creature. You freeze the slime creature.
The slime creature hits you.
You pummel the slime creature!! You freeze the slime creature.
The slime creature hits you!
You punch the slime creature! You freeze the slime creature.
You feel a bit better.
You kill the slime creature!
You punch the large slime creature! You freeze the large slime creature.
You punch the large slime creature! You freeze the large slime creature.
You howl as the wereblood boils in your veins!
The large slime creature hits you!!
* * * LOW HITPOINT WARNING * * *
Okay, then.
Okay, then.
Okay, then.
You feel much better.
You howl as the wereblood boils in your veins!
The large slime creature hits you!!!
* * * LOW HITPOINT WARNING * * *
You feel very mighty all of a sudden.
The large slime creature closely misses you.
You punch the large slime creature! You freeze the large slime creature.
The large slime creature closely misses you.
You pummel the large slime creature!! You freeze the large slime creature!
The large slime creature closely misses you.
You pummel the large slime creature!! You freeze the large slime creature.
You punch the large slime creature! You freeze the large slime creature.
The large slime creature barely misses you.
You punch the large slime creature! You freeze the large slime creature.
The large slime creature hits you!!!
You die...

#####################
#...........YJ......#
####.#################.#
#.....# .{..#..# *
#####..###### * * ** *
............# * ,
###########.###########.##* *
.^.....<................, ,
#.#.############.####.#***,**


You could see a large slime creature.

Vanquished Creatures
  A two-headed ogre (D:10)
  The ghost of Ajdolov the Covert, a novice KoBr (D:5)
  2 cyclopes
  An ugly thing (D:11)
  A manticore (D:12)
  Joseph (D:9)
  Maggie (D:7)
  A kobold demonologist (D:10)
  3 trolls
  2 slime creatures (D:12)
  A shadow (D:12)
  2 vampires
  11 yaks
  Menkaure (D:6)
  2 water moccasins
  2 acid dragons
  4 orc warriors
  2 sky beasts
  An ice beast (D:6)
  2 black bears
  2 ogres
  A phantom (D:5)
  3 centaurs
  12 kobold brigands (D:10)
  A gnoll sergeant (D:9)
  7 bullfrogs
  2 scorpions
  4 wights (D:5)
  A howler monkey (D:6)
  6 hounds
  2 orc priests
  3 iguanas
  5 orc wizards
  Terence (D:2)
  5 gnolls (D:9)
  6 adders
  2 white imps
  2 dart slugs
  15 orcs
  2 bats (D:2)
  An endoplasm (D:2)
  A giant cockroach (D:3)
  2 goblins
  A hobgoblin (D:3)
  2 jackals (D:2)
  10 kobolds
  4 quokkas
  3 ball pythons
  A frilled lizard (D:2)
  A rat (D:2)
150 creatures vanquished.

Vanquished Creatures (others)
  8 fungi (D:10)
  9 plants
17 creatures vanquished.

Grand Total: 167 creatures vanquished

Notes
Turn   | Place    | Note
-------+----------+-------------------------------------------
     0 | D:1      | iamserjio the Mayflytaur Transmuter began the quest for the
                  | Orb.
     0 | D:1      | Reached XP level 1. HP: 18/18 MP: 5/5
    66 | D:2      | Reached skill level 1 in Ice Magic
   111 | D:3      | Reached XP level 2. HP: 13/25 MP: 4/6
   114 | D:3      | Learned a level 2 spell: Wereblood
   174 | D:2      | Noticed Terence
   184 | D:2      | Killed Terence
   185 | D:2      | Reached XP level 3. HP: 29/31 MP: 5/8
   316 | D:3      | Reached XP level 4. HP: 36/38 MP: 7/9
   398 | D:4      | Noticed an ogre
   408 | D:4      | Killed an ogre
   409 | D:4      | Reached XP level 5. HP: 44/44 MP: 7/10
   559 | D:5      | Entered Level 5 of the Dungeon
   586 | D:5      | Learned a level 4 spell: Ice Form
   589 | D:5      | Found a hazy altar of Hepliaklqana.
   604 | D:5      | Gained mutation: You regenerate magic rapidly. [Mayflytaur
                  | growth]
   604 | D:5      | Reached XP level 6. HP: 48/51 MP: 9/11
   636 | D:5      | Reached skill level 5 in Unarmed Combat
   699 | D:4      | Found a staircase to the Ecumenical Temple.
   702 | D:4      | Noticed a black bear
   761 | Temple   | Entered the Ecumenical Temple
   819 | Temple   | Became a worshipper of Ashenzari the Shackled
   885 | D:4      | Killed a black bear
   886 | D:4      | Reached skill level 6 in Unarmed Combat
   886 | D:4      | Reached XP level 7. HP: 61/61 MP: 8/12
   957 | D:5      | Reached skill level 7 in Unarmed Combat
   968 | D:5      | Found Reusm's Book Shop.
  1042 | D:5      | Reached skill level 8 in Unarmed Combat
  1048 | D:5      | Reached XP level 8. HP: 66/71 MP: 7/13
  1048 | D:5      | Found a large runed translucent door.
  1048 | D:5      | Found a large runed translucent door.
  1052 | D:5      | Noticed Ajdolov's ghost (novice KoBr)
  1073 | D:5      | Killed Ajdolov's ghost
  1074 | D:5      | Reached skill level 5 in Fighting
  1074 | D:5      | Reached skill level 9 in Unarmed Combat
  1102 | D:5      | Found an ornate altar of the Wu Jian Council.
  1140 | D:6      | Found a stormy altar of Qazlal.
  1159 | D:6      | Reached skill level 10 in Unarmed Combat
  1204 | D:6      | Noticed a vampire
  1208 | D:6      | Found a basalt altar of Yredelemnul.
  1241 | D:6      | Killed a vampire
  1242 | D:6      | Gained mutation: You passively map the area around you.
                  | [Mayflytaur growth]
  1242 | D:6      | Reached XP level 9. HP: 82/82 MP: 14/14
  1245 | D:6      | Reached skill level 11 in Unarmed Combat
  1253 | D:6      | Found a shimmering altar of Xom.
  1258 | D:6      | Noticed Menkaure
  1264 | D:6      | Killed Menkaure
  1378 | D:6      | Found an iron altar of Okawaru.
  1387 | D:6      | Found a hide-covered altar of Uskayaw.
  1489 | D:7      | Noticed Maggie
  1503 | D:7      | Killed Maggie
  1520 | D:7      | Reached skill level 5 in Transmutations
  1586 | D:7      | Reached skill level 5 in Dodging
  1890 | D:9      | Reached XP level 10. HP: 92/92 MP: 14/18
  1908 | D:8      | Found an ancient bone altar of Kikubaaqudgha.
  1922 | D:9      | Noticed Joseph
  1924 | D:9      | Reached skill level 5 in Spellcasting
  1925 | D:10     | Entered Level 10 of the Dungeon
  1959 | D:10     | Found a staircase to the Orcish Mines.
  1983 | D:10     | Found a shimmering blue altar of Sif Muna.
  1998 | D:10     | Got Sif Muna's Collected Works on Evil
  2033 | D:10     | Noticed a two-headed ogre
  2039 | D:10     | Found a sacrificial altar of Ru.
  2058 | D:10     | Killed a two-headed ogre
  2072 | D:10     | Reached skill level 10 in Dodging
  2108 | D:11     | Noticed a white ugly thing
  2113 | D:11     | Killed a white ugly thing
  2132 | D:11     | Noticed a cyclops
  2132 | D:11     | Noticed a cyclops
  2137 | D:10     | Killed a cyclops
  2138 | D:10     | Reached XP level 11. HP: 29/99 MP: 19/19
  2209 | D:9      | Reached skill level 1 in Evocations
  2228 | D:9      | Killed Joseph
  2229 | D:9      | Reached skill level 12 in Unarmed Combat
  2272 | D:9      | Identified the cursed +0 troll leather armour of the Mantic
                  | Pleiades {Regen+, Range, Self} (You found it on level 11 of
                  | the Dungeon)
  2438 | D:10     | Reached * piety under Ashenzari
  2438 | D:10     | Identified a scroll of acquirement
  2487 | D:10     | Identified the cursed +0 cloak "Oscillating Fan" {Alch,
                  | Bglg} (You found it on level 3 of the Dungeon)
  2566 | D:11     | Killed a cyclops
  2587 | D:12     | Noticed a manticore
  2592 | D:12     | Killed a manticore
  2610 | D:12     | Noticed a boulder beetle
  2610 | D:12     | Noticed a centaur warrior
  2668 | D:12     | Demolished by a large slime creature

Illustrated notes

Levels and vault maps discovered:
D:1:      eino_arrival_tree_alley, layout_basic, minmay_misc_feat_chi,
          minmay_misc_feat_plants, kennysheep_another_room
D:2:      layout_basic, uniq_jessica, uniq_terence
D:3:      layout_basic, chequers_decorated_corner, uniq_crazy_yiuf_cottage,
          uniq_sigmund
D:4:      layout_basic, minmay_temple_entry_statues, kennysheep_generic_room_11
D:5:      layout_loops_ring, mainiacjoe_overflow_cross_hatched,
          mainiacjoe_overflow_tiny_flanked, mainiacjoe_overflow_alcove_1,
          serial_shops, shop, ebering_ghost_disaster_area
D:6:      layout_basic, mainiacjoe_overflow_catwalk_spiral,
          mainiacjoe_overflow_six_doors_small, lemuel_tele_altar,
          nicolae_overflow_hidden_temple, nicolae_uskayaw_dance_hall,
          kennysheep_path_1, kennysheep_generic_room_6, uniq_menkaure
D:7:      layout_basic, minivault_19, st_stairs_3, uniq_maggie
D:8:      layout_cave_pools, mainiacjoe_overflow_boulevard
D:9:      layout_rooms, chei_slow_surprise, uniq_joseph
D:10:     layout_rooms, led_sif_book, nicolae_overflow_crystal_walls,
          grunt_lair_entry_orc_guard_hut, orc_0_dummy, special_room
          [special_room_kobold], hangedman_decor_riveting,
          minmay_unpleasant_kobolds
D:11:     layout_loops_ring, dreamdust_deal_with_the_devil, lightli_orcish_oven
D:12:     layout_basic
Temple:   nicolae_temple_figure_zero

Skill      XL: |  1  2  3  4  5  6  7  8  9 10 11 |
---------------+----------------------------------+-----
Ice Magic      | 1 2 3 4 |  4.9
Transmutations | 3 4 5 |  5.9
Fighting       | 2 4 6 8 |  8.9
Unarmed Combat | 6 8 10 11 12 | 12.7
Spellcasting   | 4 5 |  5.2
Dodging        | 5 11 | 11.1
Evocations     | 3 |  3.9

Action                   |  1- 3 |  4- 6 |  7- 9 | 10-12 || total
-------------------------+-------+-------+-------+-------++-------
Melee: Unarmed           |    45 |    71 |   154 |   197 ||   467
       Kick              |     7 |    12 |       |       ||    19
       Headbutt          |     3 |     5 |       |       ||     8
       Punch             |     1 |       |     1 |     2 ||     4
Throw: Throwing net      |       |     1 |       |       ||     1
 Cast: Beastly Appendage |     7 |     7 |       |       ||    14
       Wereblood         |     1 |     3 |     8 |    13 ||    25
       Ice Form          |       |     2 |    13 |    14 ||    29
Invok: Curse Item        |       |       |       |     2 ||     2
 Abil: End Transformatio |       |       |       |     1 ||     1
Evoke: Wand              |       |       |     7 |     5 ||    12
  Use: Scroll            |       |       |     2 |       ||     2
       Potion            |       |       |       |     5 ||     5
 Stab: Sleeping          |     1 |     1 |       |       ||     2
       Held in net/web   |       |     1 |       |       ||     1
Armor: Robe              |    10 |    10 |       |     2 ||    22
       Skin              |       |     9 |    35 |    34 ||    78
Dodge: Dodged            |    24 |    39 |    88 |   149 ||   300

Table legend: (Time is in decaauts)
 A = Elapsed time spent in this place.
 B = Non-inter-level travel time spent in this place.
 C = Inter-level travel time spent in this place.
 D = Time resting spent in this place.
 E = Time spent auto-exploring this place.
 F = Levels seen in this place.
 G = Mean time per level.
                   A        B        C        D        E       F      G
               +--------+--------+--------+--------+--------+-----+--------+
         Total |   2595 |   2329 |    266 |      0 |     25 |  13 |  199.6 |
       Dungeon |   2527 |   2269 |    258 |      0 |     25 |  12 |  210.6 |
        Temple |     67 |     59 |      8 |      0 |      0 |   1 |   67.0 |
               +--------+--------+--------+--------+--------+-----+--------+

Top non-repeatable levels by time:
    D:10: 398 daAuts
     D:4: 391 daAuts
     D:7: 357 daAuts
     D:6: 298 daAuts
     D:5: 265 daAuts
     D:3: 210 daAuts
     D:9: 173 daAuts
     D:2: 158 daAuts
    D:12: 88 daAuts
    D:11: 87 daAuts
  Temple: 67 daAuts
     D:8: 60 daAuts
     D:1: 37 daAuts
